woodfighter, neutral female human Healer ------------ --- |...*}.}$}}| . +##### ------- ##...}}}}}}}}| . # ##.<....| # |..}}....}.| . ### |.....| ### |.(.}}}..}.| | # |.....| # |...}------- ##......| # -+---- --.---- # # d G ### # # d@d # # # d #### # ### ##### -.-.--- -----# # -|--------- --.....-######## ----- |...|# ### #-.........| |......| # |...| |...-# # ###|.........| |......| ##....| |...| --.-- # |...*.....| |.....{| |...| ----- |...-######### ----------- |.....--#########-...| |...| -------## ----- ||..-######################################## ----- woodfighter the Embalmer Experience level: 6 Strength: 10 Dexterity: 10 Constitution: 15 Intelligence: 12 Wisdom: 15 Charisma: 16 Health: 0(47) Energy: 1(48) Def: 2 Gold: 2117 Moves: 3782 Dungeon seed: GYYAZ-T1HposjFja Game ID: woodfighter_1502914724 Your Inventory: Coins $ - 2117 gold pieces Weapons a - a +0 scalpel (weapon in hand) Armor e - a blessed +1 pair of leather gloves (being worn) n - an uncursed +0 orcish helm q - an uncursed +0 orcish helm r - an uncursed +0 pair of leather gloves Comestibles j - 7 blessed eucalyptus leaves k - 3 blessed sprigs of wolfsbane l - 3 blessed cloves of garlic m - 2 uncursed apples U - 2 uncursed lembas wafers Scrolls v - an uncursed scroll of remove curse x - an uncursed scroll of enchant armor A - an uncursed scroll of genocide I - 4 uncursed scrolls of identify J - a blessed scroll of identify M - a cursed scroll of identify Potions c - a cursed potion of gain energy g - an uncursed potion of paralysis G - an uncursed potion of fruit juice X - an uncursed potion of blindness Wands f - a wand of sleep (0:7) h - a wand of striking (0:0) Tools b - an uncursed stethoscope d - an uncursed brass lantern (0:1157) t - an uncursed brass lantern (0:1224) u - an uncursed leash y - an uncursed skeleton key C - an uncursed magic whistle E - an uncursed sack K - a can of grease (0:11) Spells and supernatural/magical abilities: Name Level Category Fail Memory h - healing 1 healing 0% 82% x - extra healing 3 healing 0% 82% S - stone to flesh 3 healing 6% 82% W - pray for help -- divine ? -- Your skills at the end: Miscellaneous Skills wands [Basic] Weapon Skills knife [Basic] dart [Basic] Spellcasting Skills healing spells [Skilled] Final Attributes: You were devoutly aligned. You were poison resistant. You were telepathic. You were very stealthy. You are dead. Vanquished creatures: 2 large mimics a small mimic a brown pudding a yellow light a fog cloud a violet fungus an elf zombie 2 giant ants 2 floating eyes a kitten 2 homunculi an iguana 18 hill orcs a rothe a jitterbug 3 giant bats 2 orc zombies a werejackal a gas spore a hobbit 2 acid blobs 4 geckos 4 giant rats a gnome 4 gnome zombies 9 jackals a fox 9 newts 3 goblins 3 sewer rats 9 grid bugs 3 lichens a kobold zombie 97 creatures vanquished. Voluntary challenges: You did not adorn yourself with jewelry or accessories. You did not cause conflict. You were not invisible. You did not have reflection. You were not displaced. You had been an atheist until turn 1963. You used a wielded weapon 334 times, starting on turn 128. You did not apply a unicorn horn. You did not use plumbed fixtures. You read items or engraved 1 time, starting on turn 2769. You never genocided any monsters. You never polymorphed an object. You never changed form. You used no wishes. You never split a pudding. You never wrote Elbereth's name. You violated your moral code, losing 1 point of alignment, starting on turn 2159. Dungeon overview: The Dungeons of Doom: levels 1 to 8 Level 1 a fountain, a sink a long staircase Level 2 a general store, a fountain stairs to The Gnomish Mines Level 3 a general store Level 4 a fountain Level 5 an altar to Poseidon, a sink Level 6 some fountains Level 7 (unicorn) a fountain Level 8 <- You were here a fountain The Gnomish Mines: Level 3 stairs to The Dungeons of Doom History has recorded: On T:1 you entered the Dungeons of Doom to retrieve the Amulet of Yendor! On T:211 you reached level 2 of The Dungeons of Doom. On T:387 you reached level 3 of The Dungeons of Doom. On T:435 you advanced to experience level 2. On T:467 you reached level 1 of The Gnomish Mines. On T:637 you advanced to experience level 3. On T:703 you advanced to experience level 4. On T:873 you reached level 4 of The Dungeons of Doom. On T:1376 you advanced to experience level 5. On T:1502 you reached level 5 of The Dungeons of Doom. On T:1859 you reached level 6 of The Dungeons of Doom. On T:2159 you advanced to experience level 6. On T:2295 you prayed to Hermes. On T:2965 you reached level 7 of The Dungeons of Doom. On T:3014 you reached level 8 of The Dungeons of Doom. Score breakdown: Gold: 864 ( 86 points) Experience: 6 levels ( 500 points) Exploration: 8 levels ( 210 points) Discoveries: 15 items ( 750 points) Variety of kills: 33 monsters ( 1650 points) Major goal: (nothing yet) ( 0 points) Survival: died (score multiplied by 3) Total score: 9588 Latest messages: The gnome lord hits you! The werejackal punches you! You feel better. The jackal bites! The jackal misses. The jackal bites! The werejackal changes into a jackal. The werejackal summons help! You feel hemmed in. The werejackal claws you! You hack the werejackal. The werejackal is moderately wounded. The jackal misses. The jackal bites! (2x) The gnome lord swings his thonged club at you. The gnome lord hits you! The werejackal bites! You slash the werejackal. The werejackal is moderately wounded. The jackal bites! (3x) The gnome lord swings his thonged club at you. The gnome lord hits you! You die... The sack is empty. The sack is empty. Final status: Goodbye woodfighter the Healer, killed by a gnome lord... You died in The Dungeons of Doom on dungeon level 8 with 9588 points, and 2117 pieces of gold, after 3782 moves. You were level 6 with a maximum of 47 hit points when you died.